 Dungeon Crawl Stone Soup version 0.18.1-8-gdd0e5ea (webtiles) character file.

49 zeroDi the Sneak (level 3, -1/18 HPs)
             Began as a Vine Stalker Assassin on May 29, 2016.
             Slain by an orc
             ... wielding a +0 club
              (2 damage)
             ... on level 2 of the Dungeon.
             The game lasted 00:02:02 (1245 turns).

zeroDi the Sneak (Vine Stalker Assassin)            Turns: 1245, Time: 00:02:03

Health: -1/18      AC:  4    Str: 13    XL:     3   Next: 75%
Magic:  0/4        EV: 11    Int: 11    God:
Gold:   115        SH:  0    Dex: 16    Spells: 0 memorised, 2 levels left

rFire  . . .     SeeInvis .     a - +2 dagger
rCold  . . .     Gourm    .     c - +0 robe
rNeg   . . .     Faith    .     (no shield)
rPois  .         Spirit   +     (no helmet)
rElec  .         Dismiss  .     d - +0 cloak
rCorr  .         Reflect  .     i - +0 pair of gloves
SustAt .         Harm     .     (no boots)
MR     .....                    (no amulet)
Stlth  +++.......               (no ring)
                                (no ring)

@: not resistant to hostile enchantments, fairly stealthy
A: fangs 2, regeneration 1, magic shield, antimagic bite, no device heal 3, rot
immunity
a: no special abilities


You were on level 2 of the Dungeon.
You were not hungry.

You visited 1 branch of the dungeon, and saw 3 of its levels.

You collected 115 gold pieces.


Innate Abilities, Weirdness & Mutations

You have extremely sharp teeth.
Your natural rate of healing is unusually fast.
When hurt, damage is shared between your health and your magic reserves.
Your bite disrupts and absorbs the magic of your enemies.
Potions and wands cannot restore your health.
You are immune to rotting.


   Skills:
 - Level 1.7 Fighting
 + Level 3.6 Short Blades
 - Level 1.7 Throwing
 - Level 0.7 Dodging
 - Level 4.8 Stealth


You had 2 spell levels left.
You didn't know any spells.

Inventory:

Hand Weapons
 a - a +2 dagger (weapon)
 b - a +0 blowgun
Missiles
 e - 25 poisoned needles
 f - 2 curare-tipped needles {=f}
Armour
 c - a +0 robe (worn)
 d - a +0 cloak (worn)
 i - a +0 pair of gloves (worn)
Jewellery
 r - a +2 ring of intelligence {unknown}
Scrolls
 k - a scroll of blinking {unknown}
 m - 4 scrolls of identify {unknown}
 n - a scroll of remove curse {unknown}
 p - a scroll of noise {unknown}
 q - a scroll of fear {unknown}
 s - 3 scrolls of teleportation {unknown}
Potions
 h - a potion of flight {unknown}
 j - a potion of degeneration {unknown}
 l - a potion of magic {unknown}
 o - a potion of mutation {unknown}
Comestibles
 g - 2 bread rations

Dungeon Overview and Level Annotations

Branches:
Dungeon (3/15)

Altars:

#.# #.#
############
#.# #.#
#...........
#.# #.#
#.##########
###.# #.# #g#
.##.# #.# #g#
.##.# #.# #.#
.##.# #.# #.#
.##.# #.#
#######.#
.##.# #.#
#g@g....#
....#
#.###o#######
##### #.....#
#######


You could see 2 gnolls and an orc.


Message History

You barely miss the bat.
The orc wizard shouts!
The orc shouts!
You bite the bat. You drain its power.
You feel invigorated.
You kill the bat!
b - a +0 blowgun (weapon)
Firing (i - inventory. (,) - cycle):
e - 26 poisoned needles (quivered)
Press: ? - help, Shift-Dir - straight line, f - orc
Aim: an orc, wielding a club and wearing a chain mail You shoot a poisoned needle.
The poisoned needle hits the orc.
a - a +2 dagger (weapon)
The orc hits you with a club.
* * * LOW HITPOINT WARNING * * *
You climb upwards.
The gnoll hits you with a whip!
* * * LOW HITPOINT WARNING * * *
The gnoll hits you but does no damage.
There is a stone staircase leading down here.
You hit the gnoll. You bite the gnoll, but do no damage.
The gnoll is lightly wounded.
The gnoll closely misses you. The orc hits you with a club.
You die...

Action                   || total
-------------------------++-------
Melee: Dagger            ||    81
       Bite              ||    16
 Fire: Blowgun           ||     1
 Stab: Sleeping          ||     8
       Distracted        ||     2
  Eat: Chunk             ||     1
Armor: Robe              ||    26
Dodge: Dodged            ||    36

Vault maps used:
D:1:      shiori_arrival_maze, minmay_box_of_dots
D:2:      minmay_door_path, marbit_many_paths
D:3:      old_standard_altar, first_bread

Notes
Turn   | Place    | Note
--------------------------------------------------------------
     0 | D:1      | zeroDi the Vine Stalker Assassin began the quest for the Orb.
     0 | D:1      | Reached XP level 1. HP: 11/11 MP: 2/2
    86 | D:1      | Reached skill level 2 in Short Blades
   106 | D:1      | Reached XP level 2. HP: 12/15 MP: 1/3
   405 | D:1      | Reached skill level 3 in Short Blades
   431 | D:1      | Reached XP level 3. HP: 18/18 MP: 4/4
  1244 | D:2      | HP: 1/18 [gnoll/whip (4)]
  1245 | D:2      | Slain by an orc

Vanquished Creatures
  An ooze (D:1)
  2 dart slugs
  A ball python (D:1)
  9 bats
  3 giant cockroaches
  3 goblins
  4 hobgoblins (D:1)
  3 jackals (D:1)
  A quokka (D:2)
  A giant newt (D:1)
  5 kobolds
  6 rats
39 creatures vanquished.
